Cogmind - Beta 16 @@@ ROGUE MODE // 2025.10.29 @ 18:24:12 Player: ZLD1 Result: Destroyed by S-10 Pest with Light Assault Rifle Performance ------------- Evolutions (0) 0 Regions Visited (2) 400 Robots Destroyed (0) 0 Value Destroyed (0) 0 Prototype IDs (0) 0 Alien Tech Used (0) 0 Bonus (64) 64 TOTAL SCORE: 464 Bonus ------- Follower Combat Kills 64 Cogmind --------- Core Integrity 0/250 Matter 300/300 Energy 100/100 System Corruption 2% Temperature Cool (0) Movement Core (100) Ox1 Location -10/Mines Parts ------- > --- POWER (1) -------- (None) > --- PROPULSION (2) --- (None) > --- UTILITY (2) ------ Small Storage Unit > --- WEAPON (2) ------- (None) > --- INVENTORY (8) ---- Light Ion Engine Light Deuterium Engine Reaction Control System Improved Power Shielding Improved Light Armor Plating Peak State ------------ > --- POWER ------------ Ion Engine > --- PROPULSION ------- Aluminum Leg Aluminum Leg > --- UTILITY ---------- Small Storage Unit Structural Scanner > --- WEAPON ----------- (None) > --- INVENTORY -------- Light Ion Engine Light Deuterium Engine Reaction Control System Improved Light Armor Plating [Rating: 6] Favorites ----------- Power Ion Engine Engine Ion Engine Propulsion Aluminum Leg Leg Aluminum Leg Utility Structural Scanner Device Structural Scanner Storage Small Storage Unit Weapon None Build | -11 -10 -10 ------- Run | Yrd Mat Min Slots Evolved . | . . . Power . | . . . Propulsion . | . . . Utility . | . . . Weapon . | . . . Parts Attached 5 | . 1 4 Power 1 | . . 1 Engine 1 | . . 1 Core . | . . . Reactor . | . . . Propulsion 2 | . . 2 Treads . | . . . Leg 2 | . . 2 Wheel . | . . . Hover . | . . . Flight . | . . . Utility 2 | . 1 1 Device 1 | . 1 . Storage 1 | . . 1 Processor . | . . . Hackware . | . . . Protection . | . . . Artifact . | . . . Weapon . | . . . Energy Gun . | . . . Energy Cannon . | . . . Ballistic Gun . | . . . Ballistic Cannon . | . . . Launcher . | . . . Special Weapon . | . . . Impact Weapon . | . . . Slashing Weapon . | . . . Piercing Weapon . | . . . Special Melee Weapon . | . . . Unidentified Prototypes . | . . . Parts Lost 3 | . . 3 Power 1 | . . 1 Propulsion 2 | . . 2 Utility . | . . . Weapon . | . . . Highest Loss Streak 3 | . . 3 To Critical Strikes 1 | . . 1 Average Backups 4 | 3 5 4 Power 1 | 1 2 1 Propulsion . | 1 2 . Utility 2 | . 1 2 Weapon . | . . . Tool/Special . | . . . Unused Backups 6 | 1 . 5 Power 2 | . . 2 Propulsion 1 | 1 . . Utility 3 | . . 3 Weapon . | . . . Tool/Special . | . . . Average Slot Usage (%) 51 | . 12 63 Engine 10 | . . 13 Leg 19 | . . 25 Device 11 | . 12 11 Storage 9 | . . 12 Peak Build Rating 6 | . 1 6 Average Rating 4 | . . 5 On Entrance . | . . 1 Avg Prop Armor Cover (%) . | . . . Naked Turns 13 | . 13 . Heaviest Build 11 | . 1 11 Greatest Support 20 | 3 3 20 Greatest Overweight (x) 3 | . . 3 Average Overweight (x) . | . . . Largest Inventory Capacity 8 | 5 5 8 Average Capacity 7 | 5 5 7 Most Carried 5 | 5 5 5 Average Carried 4 | 3 5 4 Final Capacity 8 | 5 5 8 Final Carried 5 | 5 5 5 Class Distribution -------------------- 100% | Mutant Dominant Class ---------------- Mutant | -10/Materials Mutant | -10/Mines Resources | -11 -10 -10 ----------- Run | Yrd Mat Min Matter Collected 256 | 68 142 46 Remotely . | . . . Salvage Created . | . . . Parts . | . . . Haulers Intercepted . | . . . Recyclers Shooed . | . . . Parts Field Recycled . | . . . Retrieved Matter . | . . . Parts Self-Destructed . | . . . Prevented . | . . . Parts Restored . | . . . Kills | -11 -10 -10 ------- Run | Yrd Mat Min Combat Hostiles Destroyed . | . . . Classes Destroyed . | . . . Best Kill Streak . | . . . Combat Bots Only . | . . . Max Kills in Single Turn . | . . . Gunslinging . | . . . Exploded . | . . . Melee . | . . . Uniques/NPCs Destroyed . | . . . Combat | -11 -10 -10 -------- Run | Yrd Mat Min Hostile Shots Fired 104 | . . 104 Missed 40 | . . 40 Hits 64 | . . 64 Projectile 64 | . . 64 Critical Strikes 1 | . . 1 Damage Taken 527 | . . 527 Core 250 | . . 250 Absorbed by Shields . | . . . Core Remaining (%) 100 | 100 . . Volleys Fired . | . . . Largest . | . . . Hottest . | . . . Shots Fired . | . . . Gun . | . . . Cannon . | . . . Launcher . | . . . Special . | . . . Kinetic . | . . . Thermal . | . . . Explosive . | . . . Electromagnetic . | . . . Robot Hit Streak . | . . . Robot Miss Streak . | . . . Penetration Max . | . . . Secondary Targets . | . . . Shots Hit Robots . | . . . Core Hits 1 | . . 1 Critical Kills . | . . . Critical Parts Destroyed . | . . . Critical Strikes . | . . . Melee Attacks . | . . . Impact . | . . . Slashing . | . . . Piercing . | . . . Sneak Attacks . | . . . Combat Hostiles . | . . . Follow-up Attacks . | . . . Damage Inflicted 53 | . . 53 Guns . | . . . Cannons . | . . . Explosions . | . . . Melee . | . . . Ramming 53 | . . 53 Kinetic . | . . . Thermal . | . . . Explosive . | . . . Electromagnetic . | . . . Impact . | . . . Slashing . | . . . Piercing . | . . . Highest Corruption 2 | . 2 2 Average Corruption 1 | . 1 2 Corruption Purged . | . . . Corruption Blocked . | . . . Effects 12 | . . 12 Message Errors 3 | . . 3 Matter Fused 2 | . . 2 Heat Flow Errors 2 | . . 2 Energy Discharges 2 | . . 2 Parts Rejected 1 | . . 1 Alerts 2 | . . 2 Overload Shots . | . . . Overflow Damage . | . . . Projectiles . | . . . Explosions . | . . . Melee . | . . . Knockbacks 1 | . . 1 Impact 1 | . . 1 Kinetic . | . . . Secondary . | . . . Self-Inflicted Damage . | . . . Shots . | . . . Rammed . | . . . Targets Rammed 22 | . . 22 Kicked 22 | . . 22 Crushed . | . . . Highest Temperature 232 | . . 232 Average Temperature 101 | . . 101 Received Heat Transfer 12 | . . 12 Siege Activations . | . . . Martial Activations . | . . . Shielding Activations . | . . . Robots Disrupted . | . . . Combat Hostiles . | . . . Robots Corrupted . | . . . Combat Hostiles . | . . . Parts Fried . | . . . Impact Corruptions . | . . . Robots Melted . | . . . Combat Hostiles . | . . . Parts Melted . | . . . Heat Transferred . | . . . Parts Sabotaged . | . . . Parts Stolen . | . . . Parts Stripped . | . . . Power Chain Reactions . | . . . Alert | -11 -10 -10 ------- Run | Yrd Mat Min Maximum Alert Level . | . . . Low Security (%) 100 | 100 100 100 Level 1 . | . . . Level 2 . | . . . Level 3 . | . . . Level 4 . | . . . Level 5 . | . . . High Security . | . . . Max Security . | . . . Peak Influence 70 | . . 70 Initial . | . . . Average 10 | . . 14 Influence Increases 187 | . . 187 Destroy 0b10 Robot/C 40 | . . 40 Destroy Leader 20 | . . 20 Allied During Kill 7 | . . 7 Lose Combat Pursuer 120 | . . 120 Influence Decreases 156 | . . 156 Time Decay 91 | . . 91 Lost Part 30 | . . 30 Lost Ally 35 | . . 35 Squads Dispatched 1 | . . 1 Investigation 1 | . . 1 Extermination . | . . . Reinforcement . | . . . Assault . | . . . Garrison . | . . . Intercept . | . . . Searches Triggered . | . . . Construction Impeded . | . . . Haulers Reinforced . | . . . Active Scanning Responses . | . . . Cargo Convoy Interrupts . | . . . Stealth | -11 -10 -10 --------- Run | Yrd Mat Min Distress Signals . | . . . Communications Jammed . | . . . Distress Signals . | . . . Times Spotted 26 | . . 26 Peak Tracking Total 10 | . . 10 Tactical Retreats 4 | . . 4 Traps | -11 -10 -10 ------- Run | Yrd Mat Min Traps Triggered 2 | . 2 . Indirectly . | . . . Trap Hack Attempts . | . . . Triggered . | . . . Disarmed . | . . . Reprogrammed . | . . . Reused . | . . . Traps Extracted . | . . . Installed . | . . . Triggered . | . . . Machines | -11 -10 -10 ---------- Run | Yrd Mat Min Machines Disabled . | . . . Max in Single Turn . | . . . Machines Repaired . | . . . Machines Dismantled . | . . . Machines Sabotaged . | . . . Overloaded Fab Kills . | . . . Hacking | -11 -10 -10 --------- Run | Yrd Mat Min Machines Accessed 2 | . 1 1 Terminals 1 | . 1 . Fabricators . | . . . Repair Stations . | . . . Recycling Units . | . . . Scanalyzers . | . . . Garrison Access . | . . . Total Hacks 4 | . 3 1 Successful 2 | . 1 1 Failed 2 | . 2 . Catastrophic . | . . . Database Lockouts . | . . . Manual . | . . . Terminals 3 | . 3 . Fabricators . | . . . Repair Stations . | . . . Recycling Units . | . . . Scanalyzers . | . . . Garrison Access . | . . . Terminal Hacks 2 | . 1 1 Open Door 1 | . . 1 Zone Layout 1 | . 1 . Fabricator Hacks . | . . . Repair Station Hacks . | . . . Recycling Unit Hacks . | . . . Scanalyzer . | . . . Garrison Access Hacks . | . . . Unauthorized Hacks . | . . . Terminals . | . . . Fabricators . | . . . Repair Stations . | . . . Recycling Units . | . . . Scanalyzers . | . . . Garrison Access . | . . . Data Cores Recovered . | . . . Used . | . . . Hacking Detections 1 | . 1 . Full Trace Events . | . . . Feedback Events . | . . . Feedback Blocked . | . . . Robot Schematics Acquired . | . . . Robots Built . | . . . Authchips . | . . . Time . | . . . Total Robot Build Rating . | . . . Part Schematics Acquired . | . . . Parts Built . | . . . Authchips . | . . . Time . | . . . Total Part Build Rating . | . . . Part Studies Acquired . | . . . Parts Repaired . | . . . Time . | . . . Parts Recycled . | . . . Recycled Matter . | . . . Retrieved Matter . | . . . Retrieved Components . | . . . Parts Scanalyzed . | . . . Part Schematics Acquired . | . . . Parts Damaged . | . . . Bothacking | -11 -10 -10 ------------ Run | Yrd Mat Min Used RIF Installer . | . . . Robots Hacked . | . . . Non-combat . | . . . Combat . | . . . Robot Hacks Applied . | . . . Relay Couplers Released . | . . . Fabnet Peak Effective % . | . . . Robots Rewired . | . . . Allies Hacked . | . . . Hacks Repelled . | . . . Allies | -11 -10 -10 -------- Run | Yrd Mat Min Total Allies 5 | . . 5 Largest Group 5 | . . 5 Highest-Rated Group 85 | . . 85 Highest-Rated Ally 31 | . . 31 Total Orders . | . . . Ally Attacks 13 | . . 13 Total Damage 181 | . . 181 Kills 2 | . . 2 Allies Corrupted . | . . . Allies Melted . | . . . Intel | -11 -10 -10 ------- Run | Yrd Mat Min Active Infowar (turns) 479 | . 118 361 Structural 479 | . 118 361 Robot Analysis Total . | . . . Derelict Logs Recovered 1 | . . 1 Drone Launches . | . . . Drone Recoveries . | . . . Exploration | -11 -10 -10 ------------- Run | Yrd Mat Min Turns Passed 607 | 24 131 452 Spaces Moved 645 | 35 259 351 Core 320 | 35 259 26 Treads . | . . . Legs 325 | . . 325 Wheels . | . . . Hover . | . . . Flight . | . . . Fastest Speed 50 | 50 50 50 Average Speed 86 | 50 50 117 Slowest Speed 200 | 50 50 200 Overloaded Moves . | . . . Propulsion Burnouts . | . . . Robots Hopped . | . . . Potential Cave-ins . | . . . Cave-ins Triggered . | . . . Exploration Rate (%) 34 | 3 39 62 Regions Visited 2 Branch Regions 1 Pre-discovered Areas . | . . . Known Exits Taken . | . . . Unknown Exits Taken 2 | 1 1 . Scrap Searched 1 | . . 1 Spaces Dug . | . . . Terrain Destroyed . | . . . Melee . | . . . Projectile . | . . . AOE . | . . . Terrain Rammed . | . . . Walls Destroyed . | . . . Machines Disabled . | . . . Actions | -11 -10 -10 --------- Run | Yrd Mat Min Total 684 | 41 259 384 Wait 3 | . . 3 Move 643 | 34 258 351 Hop . | . . . Pick Up 10 | 6 . 4 Fast Attach 1 | . 1 . Attach 4 | . . 4 Detach . | . . . Swap . | . . . Drop 1 | 1 . . Fire . | . . . Melee . | . . . Ram . | . . . Kick 22 | . . 22 Crush . | . . . Escape Stasis . | . . . Rewire . | . . . Trap . | . . . Miscellaneous . | . . . Route ------- -11/Scrapyard -10/Materials (discovered 2 exits: [*Mat] / *Min) -10/Mines (discovered 2 exits: [*Mat x2]) History --------- Turn | Location | Event 7 | -11/Scrapyard | Discovered new exit (range 15) 25 | -11/Scrapyard | Entered Materials 66 | -10/Materials | Discovered new exit (range 9) 102 | -10/Materials | Discovered new exit (range 15) 156 | -10/Materials | Entered Mines 160 | -10/Mines | Met a Derelict shopkeep closing up shop 300 | -10/Mines | Build established: Mutant 312 | -10/Mines | Assisted by bots powering up and referring to "LRC-V3" 328 | -10/Mines | Assembled infested the area 402 | -10/Mines | Lost 4 allies 402 | -10/Mines | Learned location of 2 exits from Materials 478 | -10/Mines | Received a Rocket Launcher from a helpful Derelict 485 | -10/Mines | Discovered new exit (range 13) 595 | -10/Mines | Core integrity fell below 50% 603 | -10/Mines | Discovered new exit (range 7) 604 | -10/Mines | Core integrity fell below 20% 608 | -10/Mines | Destroyed by S-10 Pest with Light Assault Rifle Last Messages --------------- 00568_ Kicked S-10 Pest out of the way. 00570_ Kicked S-10 Pest. 00576_ Kicked S-10 Pest out of the way. 00578_ Kicked S-10 Pest. 00580_ Kicked S-10 Pest out of the way. 00585_ Kicked S-10 Pest. 00586_ Kicked S-10 Pest out of the way. 00587_ Critical hit (Destroy). 00587_ Aluminum Leg destroyed. 00589_ System corrupted: IFF burst signal emitted. 00590_ Aluminum Leg destroyed. 00600_ Ion Engine destroyed. 00603_ EXIT=FOUND 00603_ S-10 Pest destroyed. 00604_ A derelict emerges from the shadows: "Quick, help me dispose of these Unaware!" 00605_ S-10 Pest: "SECOND INTRUDER APPROACHING. ELIMINATE." 00605_ S-10 Pest destroyed. Map ----- +----------------------------------------------------+ | ##??????????# """ """ #? | | "" ##??????????# ### """ """ #? | | "" ##??????????# #?# """ """ #? | | "" ##??????????# #?# #? | | ##??????????# #?# """ """ #? | | "" ##??????????# #?# """ """ #? | | "" ##??????????# #?# """ """ #? | | "" ########????# #?# #? | | #########?### #?# #? | | "" ### ##### #?# % #? | | "" ## !#### ###?#######%####? | | "" ###???????#%#???? | | ## ###### ##?????#%#???? | | ## ##### #?????#%#???? | | ####### ### ##????#%#???? | | ######### ### ######%#???? | | ?????######## ## %%%%#???? | | ???????###### #???? | | ????????????# #######???? | | ????????????#### ##?????????? | | ?????????????### ##??????????? | | ???????????????# #?????###???? | | ???????????????## ##??## ##??? | | ???????????????## s####[ ##?? | | ???????????????# s =s%= < #?? | | ?????????# ss *%@ #?? | | ?????????#### [s ##### g #?? | | ????????????### = #???? #? | | ??????????????## ##????? #? | | ???????????????# ##?????? #? | | ???????????????# #????????? ##? | | ??????????????# ?????????? ##?? | | ????????????? ???????????#??? | | ???????????? ??????????????? | | ??????????? ??????????????? | | ??????????? ??????????????? | | ???????????? ???????????????? | | ????????????????????????????????? | | ????????????????????????????????? | | ????????????????????????????????? | | ????????????????????????????????? | | ????????????????????????????????? | | ????????????????????????????????? | | ????????????????????????????????? | | ?????????????????????????????? | | # ?????????????????????????????? | | # ?????????????????????????????? | | # ????????????????????????????? | | ##????????????????????????????? | | ? #????????????????????????????? | +----------------------------------------------------+ Best States ------------- Heat Dissipation 25 Energy Generation 10 Energy Capacity 250 Matter Stores 300 Matter Capacity 300 Sight Range 16 Terrain Scan Density 10 Evasion (%) 55 Item Schematics ----------------- None Robot Schematics ------------------ None Fabricated ------------ Nothing Repaired ---------- Nothing Studied --------- None Alien Tech Used ----------------- None Achievements -------------- None Challenges ------------ None Game ------ Seed PlasmaCloakingBroadsword Manual? 0 Play Time 00:09:15 Cumulative 63.9 hours Start 2025.10.29 @ 18:17:12 End 2025.10.29 @ 18:24:12 Sessions 1 Manual Loads 0 Difficulty Rogue Special Mode None Game No. 152 Rogue 152 Adventurer 0 Explorer 0 Win Type - Total 1 Types 1/0/0/0/0/0/0/0/0/0 Lore% 33 Gallery% 37 Achievement% 18 Wizard Run 0 Options --------- Layout 1 ASCII 0 Keyboard 0 Movement Arrows Keybinds 0 Fullscreen 1 Font 24/Smallcaps Map View 50x40 Zoom Use 0% Tactical HUD 1 Map Filters NONE Filters NONE Steam 1 RUN: 7046b747-efd4-44f8-800e-ede299f8449b